 Dungeon Crawl Stone Soup version 0.18.1-8-gdd0e5ea (webtiles) character file.

41 LORDOFBUTT the Cutter (level 3, -5/19 HPs)
             Began as a Spriggan Chaos Knight on May 24, 2016.
             Shot with an arrow by a deep elf knight (24 damage)
             ... on level 1 of the Dungeon.
             The game lasted 00:02:35 (5531 turns).

LORDOFBUTT the Cutter (Spriggan Chaos Knight)       Turns: 5531, Time: 00:02:40

Health: -5/19      AC:  4    Str:  8    XL:     3   Next: 32%
Magic:  4/4        EV: 18    Int: 13    God:    Xom [.....*]
Gold:   64         SH:  0    Dex: 16    Spells: 0 memorised, 2 levels left

rFire  . . .     SeeInvis +     a - +0 short sword (chaos)
rCold  . . .     Gourm    .     b - +2 robe
rNeg   . . .     Faith    .     (shield restricted)
rPois  .         Spirit   .     (helmet restricted)
rElec  .         Dismiss  .     (no cloak)
rCorr  .         Reflect  .     (gloves unavailable)
SustAt .         Harm     .     (boots unavailable)
MR     .....     Clarity  +     (no amulet)
Stlth  +++.......               (no ring)
                                (no ring)

@: very quick, not resistant to hostile enchantments, fairly stealthy
A: unfitting armour, horns 2, see invisible, clarity, herbivore 3, speed 3, slow
metabolism 2
a: Renounce Religion


You were on level 1 of the Dungeon.
You worshipped Xom.
You were Xom's teddy bear.
You were full.

You visited 1 branch of the dungeon, and saw 1 of its levels.

You collected 64 gold pieces.

Inventory:

Hand Weapons
 a - a +0 short sword of chaos (weapon)
Armour
 b - a +2 robe (worn)
Jewellery
 k - a cursed amulet of inaccuracy {unknown}
Scrolls
 d - a scroll of identify {unknown}
 e - a scroll of recharging {unknown}
 f - a scroll of immolation {unknown}
 g - a scroll of fog {unknown}
 i - a scroll of random uselessness {unknown}
Potions
 h - a potion of mutation {unknown}
Comestibles
 c - a bread ration


   Skills:
 - Level 2.4 Fighting
 * Level 4.1 Short Blades
 - Level 3.5 Dodging
 * Level 3.2 Stealth


You had 2 spell levels left.
You didn't know any spells.

Dungeon Overview and Level Annotations

Branches:
Dungeon (1/15)

Altars:
Xom


Innate Abilities, Weirdness & Mutations

You are tiny and cannot use many weapons and most armour.
You have supernaturally acute eyesight.
You are a herbivore.
You cover ground extremely quickly.
You need consume almost no food.
You have a pair of horns on your head.
You possess an exceptional clarity of mind.


Message History

Done waiting.
You start waiting.
Done waiting.
You start waiting. "This place needs a little more atmosphere."
You start waiting.
A war gargoyle comes into view.
It is wielding a great mace of crushing.
You see here a club.
Xom alters the dungeon around you.
You are now a beloved toy of Xom.
You aren't carrying any items that you can evoke.
You are now Xom's teddy bear.
A deep elf knight comes into view. It is wielding a scimitar.
A deep elf mage comes into view. It is wielding a dagger of venom.
The deep elf knight shouts!
The deep elf knight unwields an uncursed scimitar.
The deep elf knight wields a shortbow.
The deep elf knight shoots an arrow.
The arrow hits you!!
Ouch! That really hurt!
You die...
Xom roars with laughter!

###########)#..#..§##########....
#.#.#.#(#.#.)..)...............>.
.......(..÷#####9§.#......##)....
.#..........####§§.#......##.....
...#...)...#####§..#......##.....
#....#......####§.........##.....
.......#...#####§...###'####...).
.#.#.#...#..####§.)..##.# #.....
...........#####@..#.##.####.####
.#.<.#..#...####.................
...........#####..##..#.##.......
.#.#.#.#....####..###.#.##.......
...........#####..# #.#.##.....>.
.#....#.....#..e..###............
...#....^.e##.....#..............
.....#......#..........>.........
...........##....##....#...######


You could see a war gargoyle, a deep elf knight and a deep elf mage (wandering).

Vanquished Creatures
  An ooze (D:1)
  A dart slug (D:1)
  2 giant geckos (D:1)
  A giant cockroach (D:1)
  3 goblins (D:1)
  9 hobgoblins (D:1)
  6 kobolds (D:1)
  3 bats (D:1)
  3 rats (D:1)
29 creatures vanquished.

Notes
Turn   | Place    | Note
--------------------------------------------------------------
     0 | D:1      | LORDOFBUTT the Spriggan Chaos Knight began the quest for the Orb.
     0 | D:1      | Reached XP level 1. HP: 11/11 MP: 2/2
    48 | D:1      | Reached skill level 1 in Stealth
   223 | D:1      | Reached XP level 2. HP: 13/16 MP: 3/3
   805 | D:1      | XOM: enchant monster (bad)
   816 | D:1      | Reached skill level 4 in Short Blades
  1158 | D:1      | XOM: mild Tloc miscast
  1684 | D:1      | XOM: noise
  1794 | D:1      | XOM: harmless Erth miscast
  2042 | D:1      | XOM: summons 3 hostile shadow creatures
  2746 | D:1      | XOM: god gift: 16 gold pieces
  2768 | D:1      | XOM: vitrification
  3210 | D:1      | Reached XP level 3. HP: 17/19 MP: 4/4
  3720 | D:1      | XOM: give mutations
  3720 | D:1      | Gained mutation: You have a pair of small horns on your head. [Xom's grace]
  3720 | D:1      | Gained mutation: You possess an exceptional clarity of mind. [Xom's grace]
  3720 | D:1      | Gained mutation: You have a pair of horns on your head. [Xom's grace]
  3922 | D:1      | XOM: vitrification
  4003 | D:1      | XOM is BORED!
  4526 | D:1      | XOM: mild Pois miscast
  5277 | D:1      | XOM is BORED!
  5495 | D:1      | XOM: colour smoke trail
  5507 | D:1      | Noticed a war gargoyle
  5513 | D:1      | XOM: scenery: create altars
  5530 | D:1      | Noticed a deep elf knight
  5531 | D:1      | Noticed a deep elf mage
  5531 | D:1      | Shot with an arrow by a deep elf knight

Skill      XL: |  1  2 |
---------------+-------+-----
Stealth        | 2 3 |  3.2
Short Blades   | 4 |  4.1
Fighting       | |  2.4
Dodging        | |  3.5

Action                   || total
-------------------------++-------
Melee: Short sword       ||   124
       Headbutt          ||     3
 Stab: Paralysed         ||     2
       Petrifying        ||     3
       Sleeping          ||     1
       Distracted        ||     1
  Eat: Fruit             ||     2
       Bread ration      ||     1
Armor: Robe              ||    15
Dodge: Dodged            ||   101
